 Dungeon Sprint DCSS version 0.31.0-9-g3a7656b989 (webtiles) character file.

Game seed: 13311276411357273821

191 Heoruswealwe the Spear-Bearer (level 5, -1/53 HPs)
             Began as a Minotaur Fighter on Feb 3, 2024.
             Slain by an orc warrior
             ... wielding a +0 glaive
              (10 damage)
             ... in the Dungeon (Sprint IX: "|||||||||||||||||||||||||||||").
             The game lasted 00:01:14 (101 turns).

Heoruswealwe the Spear-Bearer (Minotaur Fighter)     Turns: 101, Time: 00:01:14

Health: -1/53      AC:  8    Str: 22    XL:     5   Next: 42%
Magic:  4/4        EV:  9    Int:  5    God:
Gold:   0          SH:  4    Dex: 10    Spells: 4/4 levels left

rFire   . . .        a - +0 trident
rCold   . . .        d - +0 buckler
rNeg    . . .        c - +0 scale mail
rPois   .            (helmet restricted)
rElec   .            (no cloak)
rCorr   .            (no gloves)
SInv    .            (no boots)
Will    .....        (no amulet) Stlth
                     (no ring)
HPRegen 0.28/turn    (no ring)
MPRegen 0.09/turn

%: no teleportation
@: no status effects
A: horns 2, retaliatory headbutt
a: no special abilities


You were in the Dungeon.
You visited 1 branch

Inventory:

Hand Weapons
 a - a +0 trident (weapon)
Armour
 c - a +0 scale mail (worn)
 d - a +0 buckler (worn)
Jewellery
 n - a +3 ring of intelligence
 o - a +3 ring of strength
Wands
 m - a wand of light (10)
Scrolls
 j - 2 scrolls of blinking
 l - 2 scrolls of amnesia
Potions
 b - a potion of might
 e - 5 potions of curing
 f - a potion of invisibility
 g - a potion of haste
 h - 2 potions of magic
 i - a potion of berserk rage
 k - 2 potions of heal wounds


   Skills:
 + Level 7.6 Fighting
 * Level 9.8 Polearms
 + Level 7.6 Armour
 - Level 3.6 Shields


You had 4 spell levels left.
You didn't know any spells.
Your spell library was empty.

Dungeon Overview and Level Annotations

Branches:
Dungeon (1/1)

Altars:
Cheibriados
Dithmenos
Elyvilon
Fedhas
Gozag
Hepliaklqana
Kikubaaqudgha
Makhleb
Nemelex Xobeh
Okawaru
Qazlal
Ru
Sif Muna
Trog
Uskayaw
Vehumet
Wu Jian
Xom
Yredelemnul
Zin
The Shining One
Jiyva
Lugonu


Innate Abilities, Weirdness & Mutations

You have a pair of horns on your head.
You reflexively headbutt those who attack you in melee.


Message History

There is a radiant altar of Vehumet here.
There is an ornate altar of the Wu Jian Council here.
There is a shimmering altar of Xom here.
There is a basalt altar of Yredelemnul here.
There is a glowing silver altar of Zin here.
There is a glowing golden altar of the Shining One here.
You open the door.
Found five items.
Found a +1 chain mail.
There is an open door here.
Found a +3 ring of intelligence.
f - a potion of invisibility;
k - 2 potions of heal wounds
e - 5 potions of curing (gained 4)
You see here 2 potions of magic.
Found a +3 ring of strength.
l - 2 scrolls of amnesia;
j - 2 scrolls of blinking (gained 1)
m - a wand of light (10)
Items here: )))))).
Okay, then.
You see here a +0 helmet.
You see here a +0 pair of gloves.
You see here a +1 chain mail.
n - a +3 ring of intelligence
o - a +3 ring of strength You open the door.
A gargoyle, 3 orc warriors and 2 yaks come into view.
The orc warrior shouts! x2; The yak bellows!
The orc warrior shouts!
The yak bellows!
You hit the gargoyle.
You headbutt the gargoyle, but do no damage.
The gargoyle is lightly damaged.
The gargoyle hurls a stone arrow at you.
The stone arrow hits you!
* * * LOW HITPOINT WARNING * * *
The orc warrior hits you but does no damage.
You hit the gargoyle but do no damage. Your headbutt misses the gargoyle.
The gargoyle is lightly damaged.
The gargoyle misses you. You furiously retaliate!
You headbutt the gargoyle!
The orc warrior hits you from afar with a +0 glaive!
You die... ▓▓▓▓▓▓▓▓▓▓▓▓▓▓▓▓▓▓▓▓▓▓▓▓ _______'!.).[[[.@9ooYo.Y ▓▓▓▓▓▓▓▓▓▓▓▓▓▓▓▓▓▓▓▓▓▓▓▓

You could see 2 yaks, 3 orc warriors and a gargoyle.

Vanquished Creatures
  An ice beast (D)
  A bombardier beetle (D)
  2 iguanas (D)
  An orc wizard (D)
  2 hobgoblins (D)
  A ball python (D)
  2 kobolds (D)
10 creatures vanquished.

Notes
Turn   | Place    | Note
-------+----------+-------------------------------------------
     0 | D        | Heoruswealwe the Minotaur Fighter began the quest for the
                  | Orb.
     0 | D        | Reached XP level 1. HP: 19/19 MP: 0/0
     8 | D        | Reached skill level 3 in Polearms
    25 | D        | Noticed an iguana
    25 | D        | Noticed a bombardier beetle
    25 | D        | Noticed an iguana
    25 | D        | Noticed an orc wizard
    25 | D        | Noticed an ice beast
    31 | D        | Killed an iguana
    32 | D        | Reached skill level 5 in Fighting
    32 | D        | Reached skill level 5 in Polearms
    32 | D        | Reached skill level 5 in Armour
    32 | D        | Reached XP level 2. HP: 23/29 MP: 1/1
    32 | D        | Reached XP level 3. HP: 28/36 MP: 2/2
    36 | D        | Reached skill level 6 in Polearms
    40 | D        | Reached skill level 7 in Polearms
    40 | D        | Reached XP level 4. HP: 5/44 MP: 3/3
    46 | D        | Reached skill level 8 in Polearms
    50 | D        | Killed an ice beast
    51 | D        | Reached skill level 9 in Polearms
    51 | D        | Reached XP level 5. HP: 12/53 MP: 4/4
    57 | D        | Found a snail-covered altar of Cheibriados.
    57 | D        | Found a shadowy altar of Dithmenos.
    57 | D        | Found a white marble altar of Elyvilon.
    57 | D        | Found a blossoming altar of Fedhas.
    57 | D        | Found an opulent altar of Gozag.
    58 | D        | Found a hazy altar of Hepliaklqana.
    59 | D        | Found a viscous altar of Jiyva.
    60 | D        | Found an ancient bone altar of Kikubaaqudgha.
    61 | D        | Found a corrupted altar of Lugonu.
    62 | D        | Found a burning altar of Makhleb.
    63 | D        | Found a sparkling altar of Nemelex Xobeh.
    64 | D        | Found an iron altar of Okawaru.
    65 | D        | Found a stormy altar of Qazlal.
    66 | D        | Found a sacrificial altar of Ru.
    67 | D        | Found a shimmering blue altar of Sif Muna.
    68 | D        | Found a bloodstained altar of Trog.
    69 | D        | Found a hide-covered altar of Uskayaw.
    70 | D        | Found a radiant altar of Vehumet.
    71 | D        | Found an ornate altar of the Wu Jian Council.
    72 | D        | Found a shimmering altar of Xom.
    73 | D        | Found a basalt altar of Yredelemnul.
    74 | D        | Found a glowing silver altar of Zin.
    75 | D        | Found a glowing golden altar of the Shining One.
    99 | D        | Noticed a gargoyle
    99 | D        | Noticed an orc warrior
    99 | D        | Noticed an orc warrior
    99 | D        | Noticed a yak
    99 | D        | Noticed an orc warrior
    99 | D        | Noticed a yak
   101 | D        | Slain by an orc warrior

Illustrated notes

Levels and vault maps discovered:
D:        linesprint [early_d, line_temple, items_1, d_10, items_2, lair_1,
          lair_end, items_3, orc_1, orc_end, items_4, d_15, swamp_1, shoals_1,
          snake_1, spider_1, d_20, vaults_1, items_5, swamp_end, shoals_end,
          snake_end, spider_end, vaults_end, d_27, items_6, zot_1, zot_end,
          crypt_end, forest_end, elf_end, slime_end, tomb_end, abyss_end,
          pan_hell_end]

Skill      XL: |  1  2  3  4 |
---------------+-------------+-----
Polearms       | 5 7 9 |  9.8
Fighting       | 5 6 7 |  7.6
Armour         | 5 6 7 |  7.6
Shields        | |  3.6

Action                     |  1- 3 |  4- 6 || total
---------------------------+-------+-------++-------
  Melee: Trident           |    25 |    12 ||    37
         Headbutt          |     4 |     3 ||     7
    Use: Potion            |       |     1 ||     1
 Armour: Scale mail        |     9 |     8 ||    17
  Dodge: Dodged            |     5 |     3 ||     8
  Block: Buckler           |     4 |       ||     4
